 Dungeon Crawl Stone Soup version 0.23.2-1-ga50397a6bc (webtiles) character file.

Game seed: 197962420851046018

128 Mrkan the Chopper (level 5, -1/47 HPs)
             Began as a Hill Orc Monk on May 17, 2019.
             Slain by an orc
             ... wielding a +0 flail
              (7 damage)
             ... on level 4 of the Dungeon.
             The game lasted 00:05:23 (1801 turns).

Mrkan the Chopper (Hill Orc Monk)                   Turns: 1801, Time: 00:05:24

Health: -1/47      AC:  5    Str: 15    XL:     5   Next: 12%
Magic:  5/5        EV: 11    Int: 10    God:
Gold:   225        SH:  0    Dex: 13    Spells: 4/4 levels left

rFire    . . .     SeeInvis .   a - +0 hand axe
rCold    . . .     Gourm    .   (no shield)
rNeg     . . .     Faith    .   e - +0 ring mail
rPois    .         Spirit   .   (no helmet)
rElec    .         Reflect  .   (no cloak)
rCorr    .         Harm     .   (no gloves)
MR       .....                  (no boots)
Stlth    +.........             (no amulet)
HPRegen  0.15/turn              (no ring)
MPRegen  0.09/turn              (no ring)

@: no status effects
A: no striking features
a: no special abilities


You were on level 4 of the Dungeon.
You were very hungry.

You visited 1 branch of the dungeon, and saw 4 of its levels.

You collected 225 gold pieces.

Inventory:

Hand Weapons
 a - a +0 hand axe (weapon)
 l - a cursed -3 spear
Armour
 b - a +0 robe
 e - a +0 ring mail (worn)
 k - a +0 chain mail
Jewellery
 f - a +5 ring of strength {unknown}
 o - a cursed ring of attention {unknown}
 r - an uncursed ring of ice {unknown}
 s - a +4 ring of dexterity {unknown}
Scrolls
 d - a scroll of random uselessness {unknown}
 g - a scroll of noise {unknown}
 j - 3 scrolls of identify {unknown}
 n - 2 scrolls of enchant weapon {unknown}
 p - a scroll of remove curse {unknown}
 q - a scroll of fog {unknown}
Potions
 h - 3 potions of heal wounds
 i - 2 potions of mutation {unknown}
 m - 2 potions of agility {unknown}
Comestibles
 c - 3 rations


   Skills:
 + Level 4.6 Fighting
 * Level 6.1 Axes
 + Level 2.0 Armour
 - Level 2.4 Dodging
 - Level 1.5 Stealth


You had 4 spell levels left.
You didn't know any spells.
Your spell library contained the following spells:

 Spells                   Type           Power        Failure   Level  Hunger
 Confusing Touch          Hex            #.....       58%         1    ##.....
 Confuse                  Hex            #.......     91%         3    ####...
 Gell's Gravitas          Tloc           #.........   91%         3    ####...
 Petrify                  Tmut/Erth      #.......     100%        4    #####..
 Metabolic Englaciation   Hex/Ice        #.........   100%        5    ######.
 Yara's Violent Unravell  Hex/Tmut       #.........   100%        5    ######.


Dungeon Overview and Level Annotations

Branches:
Dungeon (4/15)
 Temple: D:4-7

Altars:
Cheibriados
Gozag
Vehumet
Wu Jian
Zin


Message History

Things that are here:
a +0 club; 20 sling bullets You are feeling very hungry.
An orc comes into view. It is wielding a +0 mace.
An orc comes into view. It is wielding a +0 flail.
The orc shouts!
The orc barely misses you. The orc completely misses you.
The orc barely misses you. The orc barely misses you.
The orc completely misses you. The orc closely misses you.
The orc hits you with a +0 mace. The orc closely misses you.
The orc hits you but does no damage. The orc hits you with a +0 flail.
The orc barely misses you. The orc hits you with a +0 flail!
* * * LOW HITPOINT WARNING * * *
The orc hits you with a +0 mace.
* * * LOW HITPOINT WARNING * * *
The orc hits you with a +0 flail!
You die...

#########
#.......#
........#####
#...........###
#.......>o@...#
#........o#.#.#
#.......#.#)#
/......o#.#)#
###..##...#.#
#..#......#
#.........##
#..........#
##..)......#


You could see 2 orcs.

Vanquished Creatures
  An orc wizard (D:3)
  2 adders
  An ooze (D:1)
  3 dart slugs
  A leopard gecko (D:1)
  10 orcs
  A ball python (D:1)
  7 bats
  2 giant cockroaches
  6 goblins
  A hobgoblin (D:3)
  2 kobolds
  3 quokkas
  3 frilled lizards
  4 rats
47 creatures vanquished.

Vanquished Creatures (others)
  An orc wizard (D:3)
1 creature vanquished.

Grand Total: 48 creatures vanquished

Notes
Turn   | Place    | Note
-------+----------+-------------------------------------------
     0 | D:1      | Mrkan the Hill Orc Monk began the quest for the Orb.
     0 | D:1      | Reached XP level 1. HP: 19/19 MP: 1/1
   218 | D:1      | Reached XP level 2. HP: 21/27 MP: 2/2
   618 | D:2      | Found a radiant altar of Vehumet.
   618 | D:2      | Found an ornate altar of the Wu Jian Council.
   630 | D:2      | Reached skill level 5 in Axes
   630 | D:2      | Reached XP level 3. HP: 32/33 MP: 3/3
   780 | D:2      | Found an opulent altar of Gozag.
   795 | D:2      | Found a glowing silver altar of Zin.
   826 | D:2      | Reached skill level 1 in Armour
  1085 | D:3      | Found a snail-covered altar of Cheibriados.
  1162 | D:3      | Reached XP level 4. HP: 36/40 MP: 4/4
  1200 | D:3      | HP: 1/40 [something/magic dart (7)]
  1399 | D:3      | Reached skill level 6 in Axes
  1399 | D:3      | Reached XP level 5. HP: 32/47 MP: 5/5
  1801 | D:4      | Slain by an orc

Skill      XL: |  1  2  3  4  5 |
---------------+----------------+-----
Fighting       | 4 |  4.6
Axes           | 5 6 |  6.1
Armour         | 1 2 |  2.0
Dodging        | |  2.4
Stealth        | |  1.5

Action                   |  1- 3 |  4- 6 || total
-------------------------+-------+-------++-------
Melee: Hand axe          |   110 |    73 ||   183
  Use: Potion            |       |     1 ||     1
  Eat: Chunk             |       |     2 ||     2
Armor: Ring mail         |    50 |    29 ||    79
Dodge: Dodged            |    76 |    42 ||   118
